 Dungeon Crawl Stone Soup version 0.29-a0-925-g0a7a3d12f8 (webtiles) character file.

Game seed: 17191177578287080882

490878 GrandHerb the Warrior (level 24, -4/208 (226) HPs)
             Began as a Minotaur Fighter on July 29, 2022.
             Was the Champion of the Shining One.
             Slain by an Ice Fiend (5 damage)
             ... on level 4 of Cocytus.
             The game lasted 06:54:45 (47178 turns).

GrandHerb the Warrior (Minotaur Fighter)           Turns: 47178, Time: 06:54:45

HP:   -4/208 (226)  AC: 48    Str: 20 (32) XL:     24   Next: 16%
MP:   1/34          EV: 10    Int:  5      God:    the Shining One [******]
Gold: 3008          SH: 20    Dex: 14      Spells: 23/23 levels left

rFire   + + .      SeeInvis +   J - +9 sacred scourge (holy)
rCold   + + +      Faith    .   a - +5 kite shield {rF+}
rNeg    + + +      Spirit   .   v - +12 gold dragon scales
rPois   +          Reflect  .   G - +0 hat {SInv}
rElec   +          Harm     .   m - +2 cloak
rCorr   .          Rampage  .   V - +2 pair of gloves {Dex+3}
Will    +++..                   l - +0 pair of boots
Stlth   ..........              M - amulet of Patience {rElec rPois rC++ Will+ Regen+}
HPRegen 1.24/turn               x - +4 ring of protection
MPRegen 0.24/turn               d - ring of willpower

@: about to teleport, glowing, drained, unable to drink, very slow
A: horns 2, retaliatory headbutt
}: 1/15 runes: serpentine
a: Renounce Religion, Divine Shield, Cleansing Flame, Summon Divine Warrior


You were on level 4 of Cocytus.
You worshipped the Shining One.
The Shining One was exalted by your worship.
You visited 11 branches of the dungeon, and saw 45 of its levels.
You visited 1 bazaar.

You collected 4487 gold pieces.
You spent 1446 gold pieces at shops.
You donated 33 gold pieces to Zin.

Inventory:

Hand Weapons
 J - a +9 sacred scourge of holy wrath (weapon)
Armour
 a - a +5 kite shield of fire resistance (worn)
 l - a +0 pair of boots (worn)
 m - a +2 cloak (worn)
 v - +12 gold dragon scales (worn)
 G - a +0 hat of see invisible (worn)
 V - a +2 pair of gloves of dexterity (worn)
Jewellery
 d - a ring of willpower (right hand)
 k - an amulet of the acrobat
 x - a +4 ring of protection (left hand)
 B - a ring of willpower
 L - a ring of flight
 M - the amulet of Patience (around neck) {rElec rPois rC++ Will+ Regen+}
   (You found it on level 9 of the Dungeon)

   [amulet of regeneration]

   rC:        It greatly protects you from cold.
   rElec:     It insulates you from electricity.
   rPois:     It protects you from poison.
   Regen:     It increases your rate of health regeneration.
   Will:      It increases your willpower.
 R - a ring of fire
 S - a ring of positive energy
Wands
 w - a wand of digging (6)
 A - a wand of polymorph (10)
 E - a wand of flame (36)
 I - a wand of acid (33)
 K - a wand of mindburst (15)
 P - a wand of roots (11)
 Q - a wand of paralysis (30)
Scrolls
 b - 2 scrolls of identify
 h - 3 scrolls of fog
 o - 18 scrolls of teleportation
 p - 4 scrolls of poison
 s - 5 scrolls of fear
 u - 9 scrolls of magic mapping
 D - 3 scrolls of summoning
 F - 4 scrolls of immolation
 H - 8 scrolls of amnesia
 W - a scroll of brand weapon
 Z - 3 scrolls of enchant weapon
Potions
 c - 6 potions of cancellation
 e - 18 potions of curing
 f - 5 potions of flight
 g - 7 potions of magic
 i - 8 potions of ambrosia
 j - 6 potions of brilliance
 n - 2 potions of berserk rage
 q - 6 potions of lignification
 r - 13 potions of heal wounds
 t - 8 potions of attraction
 z - 5 potions of might
 N - 4 potions of resistance
 O - 6 potions of haste
Miscellaneous
 X - a phantom mirror


   Skills:
 + Level 20.7 Fighting
 + Level 20.4 Maces & Flails
 + Level 20.4 Armour
 + Level 18.6 Dodging
 + Level 20.5 Shields
 - Level 5.6 Translocations
 + Level 17.2 Invocations
 + Level 16.0 Evocations


You had 23 spell levels left.
You didn't know any spells.
Your spell library contained the following spells:

 Spells                   Type           Power      Damage    Failure   Level
 Apportation              Tloc           10%        N/A       88%         1
 Foxfire                  Conj/Fire      0%         2x1d4     100%        1
 Freeze                   Ice            0%         1d3       100%        1
 Magic Dart               Conj           0%         1d3       100%        1
 Necrotise                Necr           0%         1d4       100%        1
 Sting                    Tmut/Pois      0%         1d3       100%        1
 Summon Small Mammal      Summ           0%         N/A       100%        1
 Call Imp                 Summ           0%         N/A       100%        2
 Ensorcelled Hibernation  Hex/Ice        0%         N/A       100%        2
 Passwall                 Tmut/Erth      0%         N/A       100%        2
 Poisonous Vapours        Pois/Air       0%         N/A       100%        2
 Static Discharge         Conj/Air       0%         3-3/arc   100%        2
 Call Canine Familiar     Summ           0%         N/A       100%        3
 Confusing Touch          Hex            0%         N/A       100%        3
 Conjure Flame            Conj/Fire      0%         6-21      100%        3
 Dazzling Flash           Conj/Hex       0%         N/A       100%        3
 Frozen Ramparts          Ice            0%         1d2       100%        3
 Ignite Poison            Fire/Tmut/Pois 0%         N/A       100%        3
 Inner Flame              Hex/Fire       0%         N/A       100%        3
 Mephitic Cloud           Conj/Pois/Air  0%         N/A       100%        3
 Ozocubu's Armour         Ice            0%         N/A       100%        3
 Portal Projectile        Hex/Tloc       4%         N/A       100%        3
 Swiftness                Air            0%         N/A       100%        3
 Animate Dead             Necr           0%         N/A       100%        4
 Flame Wave               Conj/Fire      0%         2d4       100%        4
 Hailstorm                Conj/Ice       0%         3d3       100%        4
 Ice Form                 Ice/Tmut       0%         N/A       100%        4
 Leda's Liquefaction      Hex/Erth       0%         N/A       100%        4
 Olgreb's Toxic Radiance  Pois           0%         N/A       100%        4
 Summon Ice Beast         Ice/Summ       0%         N/A       100%        4
 Summon Lightning Spire   Summ/Air       0%         N/A       100%        4
 Agony                    Necr           0%         N/A       100%        5
 Alistair's Intoxication  Tmut/Pois      0%         N/A       100%        5
 Borgnjor's Vile Clutch   Necr/Erth      0%         N/A       100%        5
 Freezing Cloud           Conj/Ice/Air   0%         6-21      100%        5
 Lightning Bolt           Conj/Air       0%         1d11      100%        5
 Silence                  Hex/Air        0%         N/A       100%        5
 Yara's Violent Unravell  Hex/Tmut       0%         3d3       100%        5
 Eringya's Noxious Bog    Tmut/Pois      0%         N/A       100%        6
 Simulacrum               Ice/Necr       0%         N/A       100%        6
 Enfeeble                 Hex            0%         N/A       100%        7
 Haunt                    Necr/Summ      0%         N/A       100%        7
 Ozocubu's Refrigeration  Ice            0%         4d5       100%        7
 Storm Form               Tmut/Air       0%         N/A       100%        7
 Ignition                 Fire           0%         3d3       100%        8
 Infestation              Necr           0%         N/A       100%        8
 Maxwell's Capacitive Co  Air            0%         ∞         100%        8
 Chain Lightning          Conj/Air       0%         N/A       100%        9


Dungeon Overview and Level Annotations

Branches:
Dungeon (15/15)            Temple (1/1) D:5            Lair (5/5) D:9
 Shoals (0/4) Lair:3        Snake (4/4) Lair:3        Slime (0/5) Lair:4
    Orc (2/2) D:10            Elf (0/3) Orc:2        Vaults (4/5) D:13
  Crypt (3/3) Vaults:3       Tomb (2/3) Crypt:3      Depths (4/4) D:15
   Hell (visited)             Dis (0/7) Hell            Geh (0/7) Hell
    Coc (4/7) Hell            Tar (0/7) Hell            Zot (0/5) Depths:4

Altars:
Ashenzari
Cheibriados
Dithmenos
Elyvilon
Fedhas
Gozag
Hepliaklqana
Kikubaaqudgha
Makhleb
Nemelex Xobeh
Okawaru
Qazlal
Ru
Sif Muna
Trog
Uskayaw
Vehumet
Wu Jian
Xom
Yredelemnul
Zin
The Shining One
Jiyva
Lugonu

Shops:
D:1 *   Orc:2 [*(=   Snake:1 ?   Snake:2 *   Snake:4 (   Vaults:1 :
Vaults:4 (

Portals:
Hell: Depths:1 Depths:2 Depths:3 Depths:4
Abyss: Lair:5 Depths:3
Pandemonium: Depths:1 Depths:2 Depths:3 Depths:4
Ziggurat: Depths:1

Annotations:
Snake:1 3 runed translucent doors, Ajdolov's ghost, adept VSFi


Innate Abilities, Weirdness & Mutations

You have a pair of horns on your head.
You reflexively headbutt those who attack you in melee.


Message History

The water elemental closely misses your angel.
Your angel hits the elemental wellspring with a +1 sacred scourge of holy wrath!!
Your angel hits the elemental wellspring with a +1 sacred scourge of holy wrath.
The elemental wellspring is destroyed!
The water elemental disappears in a puff of smoke! x3
Activating: Cleansing Flame (0% risk of failure)
Press: ? - help, Dir - look around, f - activate The golden flame engulfs you but does no damage.
The golden flame engulfs the water elemental!!!
The water elemental is almost destroyed.
The golden flame engulfs your angel.
Your angel completely resists.
Your angel is almost dead.
The golden flame engulfs the elemental wellspring!!
The elemental wellspring is heavily damaged.
The golden flame engulfs the Ice Fiend!!!
The Ice Fiend writhes in agony!
The Ice Fiend is severely wounded.
The golden flame engulfs the ice beast.
The ice beast is severely wounded.
The golden flame engulfs the water elemental!!
The water elemental is almost destroyed.
The golden flame engulfs the water elemental!!
The water elemental is severely damaged.
The golden flame engulfs the elemental wellspring!!
The elemental wellspring is heavily damaged.
The golden flame engulfs the stone giant simulacrum!!!
The stone giant simulacrum writhes in agony!
The stone giant simulacrum is almost destroyed.
The golden flame engulfs the water elemental!!!
You destroy the water elemental!
The water elemental disappears in a puff of smoke!
The golden flame engulfs the water elemental!!
The water elemental is severely damaged.
Your angel hits the ice beast with a +1 sacred scourge of holy wrath!!
The ice beast dies!
You block the water elemental's attack. The Ice Fiend claws you!
* * * LOW HITPOINT WARNING * * *
The Ice Fiend freezes you. You resist.
You die...

#≈≈≈≈≈...##..E#≈≈≈≈≈
#≈≈≈≈≈..####.≈≈≈E≈≈≈
##...≈..# ##≈EEZ≈°.
#.≈≈≈≈.# #..EE≈§§§
##.≈≈≈≈.## #EE≈≈E..Z
#≈§≈≈≈≈..###2E≈ER...
#≈EEE§≈R..#≈≈≈......
##EE1E≈§..≈≈≈≈......
#≈@AE§Z...≈≈...##>.
##≈§Z§≈≈≈≈#≈...# ..
##≈§≈≈≈≈###.....
#≈≈≈≈≈≈## #≈≈≈≈≈
######≈# ##≈≈≈ ###
###


You could see an Ice Fiend (corroded), a wendigo, 2 elemental wellsprings, 5
water elementals, an ettin simulacrum, a stone giant simulacrum and a friendly
angel (summoned).

Vanquished Creatures
  Mennas (Crypt:1)
  12 royal mummies
  3 shard shrikes
  Geryon (Hell)
  A profane servitor (Crypt:3)
  A golden dragon (Depths:4)
  3 bone dragons
  3 doom hounds (Hell)
  A walking crystal tome (Depths:3)
  A tentacled monstrosity (Depths:4)
  2 Ice Fiends
  Jorgrun (Snake:1)
  5 liches
  6 titans
  7 ancient champions
  7 sphinxes
  Gastronok (Lair:3)
  3 revenants
  A storm dragon (Depths:4)
  An azure jelly (Coc:1)
  A fire giant (Depths:1)
  An azure jelly (shapeshifter) (Lair:5)
  A shadow dragon (Depths:3)
  4 nagarajas
  Louise (Snake:1)
  4 frost giants
  An iron dragon (Hell)
  6 vault wardens
  2 orc warlords
  3 shard shrike simulacra
  Aizul (Snake:2)
  A draconian annihilator (Depths:4)
  13 ironbound preservers
  2 reapers (Hell)
  8 stone giants
  3 war gargoyles (Hell)
  11 ghouls
  6 bennus (Tomb:1)
  7 vampire knights
  6 elemental wellsprings
  2 ironbound thunderhulks (Vaults:4)
  22 very ugly things
  A black draconian (Depths:4)
  The ghost of Cam Moxe the Thrower, a journeyman OgHu of Fedhas (Lair:2)
  A wendigo (Coc:1)
  5 entropy weavers
  A white draconian (Depths:4)
  17 dire elephants
  5 spark wasps
  A purple draconian (Depths:4)
  5 eidola
  6 ettins
  2 merfolk impalers
  A blizzard demon (Coc:4)
  A spriggan zombie (Hell)
  A crystal guardian (Vaults:3)
  7 mummy priests
  Snorg (D:10)
  Josephine (Lair:4)
  9 jiangshi
  8 fire dragons
  A deep elf death mage (Crypt:2)
  8 yaktaur captains
  4 salamander tyrants
  2 boulder beetles
  4 rakshasas (D:15)
  Fannar (D:12)
  5 ice dragons
  9 vault guards
  A peacekeeper (Vaults:3)
  5 caustic shrike simulacra
  9 great orbs of eyes
  4 catoblepae
  4 juggernaut simulacra
  18 centaur warriors
  3 spriggan air magi
  8 hydras
  8 ironbound frosthearts
  14 anacondas
  A death knight (D:14)
  2 alligators (Lair:3)
  13 naga warriors
  5 two-headed ogres
  7 tengu warriors
  5 deep troll shamans
  Urug (D:12)
  6 death yaks (Lair:5)
  26 death scarabs
  8 deep troll earth magi
  2 hell hogs (Hell)
  6 orc high priests
  12 shock serpents
  4 naga sharpshooters
  9 vampire magi
  An azure jelly zombie (Crypt:3)
  4 soul eaters
  3 thrashing horrors (Lair:5)
  Nergalle (Lair:2)
  A spriggan berserker (Depths:4)
  22 hell knights
  8 sun demons
  2 shadow wraiths (Crypt:3)
  Amaemon (D:7)
  A titan skeleton (Crypt:3)
  11 iron trolls
  19 skeletal warriors
  A goliath frog (Lair:3)
  A sixfirhy (Depths:4)
  45 deep trolls
  A quicksilver dragon simulacrum (Coc:3)
  3 flayed ghosts (Crypt:3)
  A golden dragon zombie (Crypt:3)
  A ghost moth zombie (Crypt:2)
  3 salamander mystics
  8 naga ritualists
  A glowing orange brain (shapeshifter) (D:15)
  3 glowing orange brains
  4 sea snakes (Snake:4)
  7 ironbound convokers
  8 wizards
  4 phantasmal warriors
  An anaconda skeleton (Crypt:1)
  A broodmother zombie (Crypt:1)
  A golden dragon skeleton (Crypt:3)
  6 lindwurms
  4 deep elf pyromancers
  4 necromancers
  A large abomination (Lair:5)
  Pikel (D:8)
  7 orc knights
  4 orc sorcerers
  17 mana vipers
  A wolf spider zombie (D:14)
  A spriggan simulacrum (Coc:4)
  42 ugly things
  A stone giant zombie (Crypt:3)
  14 salamanders
  A fire giant zombie (Crypt:3)
  4 manticores (D:13)
  5 cyclopes
  14 elephants
  A shock serpent zombie (Crypt:1)
  5 guardian serpents
  2 molten gargoyles (Hell)
  A stone giant skeleton (Crypt:1)
  Maurice (Orc:2)
  11 smoke demons
  7 vault sentinels
  35 black mambas
  5 rust devils
  5 centaur zombies
  2 titan simulacra
  10 cane toads
  An ice statue (Hell)
  9 naga magi
  2 torpor snails (Lair:1)
  3 naga zombies
  2 orange demons
  A hellion (Coc:3)
  A bunyip simulacrum (Coc:1)
  A yaktaur (shapeshifter) (D:15)
  6 kobold demonologists
  A sea snake zombie (Hell)
  An elephant slug zombie (Crypt:2)
  2 ice devils
  9 komodo dragons
  2 redback zombies
  5 unseen horrors
  26 yaktaurs
  An alligator snapping turtle skeleton (Crypt:1)
  7 rime drakes
  9 tengu conjurers
  2 dire elephant skeletons
  19 guardian mummies
  3 tormentors
  2 anaconda simulacra
  2 queen bees (shapeshifter) (Lair:5)
  2 freezing wraiths
  A golden dragon simulacrum (Coc:3)
  2 red devils (Depths:4)
  2 ancient zymes (Lair:5)
  3 meliai (D:15)
  6 trolls
  2 harpy zombies
  A sea snake skeleton (Hell)
  6 polar bears
  A queen bee (D:15)
  2 hornets (shapeshifter)
  A hornet (D:9)
  A hydra skeleton (Crypt:2)
  17 blink frogs
  2 hydra zombies (Hell)
  2 tengu simulacra
  A harpy skeleton (Hell)
  A snapping turtle (Lair:3)
  38 slime creatures
  A boulder beetle zombie (Crypt:1)
  A dream sheep (shapeshifter) (D:13)
  2 iron dragon simulacra (Coc:2)
  A centaur simulacrum (Coc:1)
  13 flying skulls
  An ettin zombie (Crypt:2)
  A jumping spider (shapeshifter) (Lair:5)
  2 shadows (D:14)
  4 dire elephant simulacra
  A spriggan (Lair:5)
  A naga simulacrum (Coc:1)
  6 vampires
  3 culicivoras (Vaults:4)
  7 water elementals
  3 wyverns
  2 ynoxinuls
  Grum (Lair:1)
  44 yaks
  13 wraiths
  5 ushabtiu
  An alligator snapping turtle simulacrum (Coc:3)
  8 basilisks
  2 chaos spawn
  4 redbacks
  10 small abominations (Lair:5)
  A steam dragon (Lair:3)
  22 vampire mosquitoes
  5 swamp worms (Lair:3)
  7 wargs
  A glowing orange brain zombie (Crypt:3)
  9 harpy simulacra
  30 nagas
  A merfolk zombie (Crypt:3)
  2 acid dragons
  4 hell hounds (Hell)
  19 water moccasins
  7 ice beasts
  30 orc warriors
  A black bear (D:5)
  3 ettin simulacra
  5 ogres
  4 centaurs
  3 lemures
  21 wolves
  A phantom (D:7)
  A rime drake zombie (Crypt:1)
  18 kobold brigands
  10 bullfrogs
  3 necrophages
  2 scorpions
  A salamander skeleton (Crypt:2)
  26 wights
  2 queen bee zombies
  A shapeshifter skeleton (Crypt:2)
  17 killer bees
  2 howler monkeys
  A wolf zombie (Crypt:3)
  A lava snake (D:10)
  A bullfrog zombie (Crypt:1)
  4 hounds
  16 orc priests
  2 iguanas
  29 orc wizards
  Terence (D:2)
  3 gnoll boudas
  Natasha (twice) (D:3)
  3 boggart zombies
  A tengu skeleton (Crypt:3)
  15 mummies
  13 gnolls
  9 adders
  A howler monkey skeleton (Crypt:2)
  3 shadow imps
  5 white imps
  An ufetubus (D:6)
  A worm zombie (Crypt:2)
  An iguana skeleton (Crypt:2)
  2 dart slugs
  98 orcs
  8 ball pythons
  9 endoplasms
  3 giant cockroaches
  6 hobgoblins
  4 jackals (D:3)
  27 kobolds
  6 quokkas
  3 bats
  5 frilled lizards
  4 goblins
  A goblin skeleton (Crypt:2)
  2 rats
  A plant (Lair:4)
1732 creatures vanquished.

Vanquished Creatures (collateral kills)
  4 royal mummies
  Bai Suzhen (Snake:3)
  Parghit (Depths:4)
  A shard shrike (Hell)
  2 doom hounds (Hell)
  Rupert (Lair:4)
  A tentacled monstrosity (Depths:2)
  2 liches (Depths:4)
  An ancient champion (Tomb:2)
  A revenant (Tomb:2)
  3 nagarajas (Snake:4)
  A draconian scorcher (Depths:4)
  A caustic shrike zombie (Tomb:2)
  A draconian annihilator (Depths:4)
  3 very ugly things
  A stone giant (Depths:4)
  A reaper (Hell)
  A juggernaut skeleton (Tomb:2)
  2 vampire knights
  A black draconian (Depths:4)
  2 elemental wellsprings
  2 wendigos
  A red draconian (Depths:4)
  A purple draconian (Depths:4)
  A merfolk impaler (Depths:3)
  5 mummy priests
  A jiangshi (Crypt:3)
  2 ettins
  An eidolon (Crypt:3)
  2 fire dragons (Depths:1)
  A spriggan zombie (Hell)
  A yaktaur captain (Depths:4)
  An ice dragon (Depths:2)
  2 hell beasts (Hell)
  3 caustic shrike simulacra
  2 hydras
  A spriggan skeleton (Tomb:2)
  A juggernaut simulacrum (Coc:1)
  An anaconda (Snake:4)
  2 vampire magi
  A tengu warrior (Depths:4)
  A naga warrior (Snake:3)
  17 death scarabs
  7 naga sharpshooters
  A spriggan berserker (Depths:3)
  4 hell knights (Depths:2)
  2 soul eaters (Hell)
  3 iron trolls (D:15)
  3 sun demons (Hell)
  A bunyip zombie (Crypt:2)
  An elf simulacrum (Coc:1)
  4 sea snakes (Snake:4)
  2 deep trolls (Depths:3)
  A glowing orange brain (Depths:1)
  3 naga ritualists
  3 necromancers
  6 salamanders
  3 ugly things
  A moth of wrath (Lair:2)
  4 naga magi
  2 black mambas (Snake:4)
  A rust devil (Hell)
  A centaur zombie (D:14)
  A stone giant skeleton (Tomb:2)
  3 guardian serpents (Snake:4)
  A cane toad (Lair:2)
  2 molten gargoyles (Hell)
  A titan simulacrum (Coc:1)
  An emperor scorpion simulacrum (Coc:1)
  A sea snake zombie (Hell)
  2 hellions
  A naga skeleton (Tomb:2)
  A freezing wraith (Crypt:2)
  A tengu conjurer (Depths:2)
  A komodo dragon (Lair:2)
  A hydra zombie (Hell)
  An anaconda simulacrum (Coc:4)
  7 guardian mummies
  A polar bear (Lair:2)
  An iron dragon simulacrum (Coc:1)
  A stone giant simulacrum (Coc:1)
  7 flying skulls (Tomb:2)
  A vampire (Crypt:3)
  A wraith (Lair:4)
  A dire elephant simulacrum (Coc:1)
  A yak (Lair:4)
  A basilisk (Lair:4)
  A catoblepas simulacrum (Coc:1)
  2 hydra simulacra
  10 nagas
  3 water moccasins
  An ettin simulacrum (Coc:1)
  An ice beast (Coc:4)
  2 naga simulacra (Coc:1)
  2 jellies (Lair:4)
  5 mummies
202 creatures vanquished.

Vanquished Creatures (others)
  An Ice Fiend (Coc:3)
  Asterion (Vaults:3)
  A titan (Coc:4)
  A shard shrike simulacrum (Coc:4)
  A wendigo (Coc:1)
  A caustic shrike simulacrum (Coc:4)
  A juggernaut simulacrum (Coc:4)
  A quicksilver dragon simulacrum (Coc:4)
  A spriggan simulacrum (Coc:4)
  A fenstrider witch simulacrum (Coc:1)
  2 titan simulacra (Coc:1)
  A tormentor (Coc:4)
  A tengu conjurer (Depths:1)
  2 dire elephant simulacra
  4 harpy simulacra
  29 fungi
  32 plants
  2 withered plants (D:14)
83 creatures vanquished.

Grand Total: 2017 creatures vanquished

Notes
Turn   | Place    | Note
-------+----------+-------------------------------------------
     0 | D:1      | GrandHerb the Minotaur Fighter began the quest for the Orb.
     0 | D:1      | Reached XP level 1. HP: 19/19 MP: 0/0
   158 | D:1      | Found Ocleps's Assorted Antiques.
   328 | D:1      | Reached XP level 2. HP: 27/27 MP: 1/1
   735 | D:1      | Reached XP level 3. HP: 33/33 MP: 2/2
  1071 | D:2      | Reached skill level 1 in Dodging
  1274 | D:2      | Reached skill level 1 in Evocations
  1277 | D:2      | Reached skill level 1 in Invocations
  1314 | D:2      | Reached XP level 4. HP: 29/40 MP: 3/3
  1518 | D:2      | Noticed Terence
  1560 | D:2      | Killed Terence
  1758 | D:3      | Found a shimmering altar of Xom.
  1849 | D:3      | Reached XP level 5. HP: 33/46 MP: 3/5
  2021 | D:3      | Found a faded altar of an unknown god.
  2368 | D:3      | Noticed Natasha
  2375 | D:3      | Killed Natasha
  2537 | D:3      | Noticed Natasha
  2544 | D:3      | Killed Natasha
  3430 | D:5      | Entered Level 5 of the Dungeon
  3476 | D:5      | Noticed an ice beast
  3491 | D:5      | Reached XP level 6. HP: 49/53 MP: 6/6
  3499 | D:5      | Killed an ice beast
  3503 | D:5      | Noticed an ice beast
  3530 | D:5      | Killed an ice beast
  3580 | D:5      | Reached skill level 5 in Shields
  3580 | D:5      | Reached XP level 7. HP: 50/60 MP: 7/7
  3584 | D:5      | Reached skill level 5 in Armour
  3598 | D:5      | HP: 2/55 [wight/+3 great sword (8)]
  3782 | D:5      | Reached skill level 5 in Fighting
  4211 | D:5      | Found a staircase to the Ecumenical Temple.
  4222 | Temple   | Entered the Ecumenical Temple
  4334 | Temple   | Became a worshipper of Zin the Law-Giver
  4334 | Temple   | Reached * piety under Zin
  4381 | D:5      | Reached XP level 8. HP: 68/69 MP: 9/9
  4662 | D:6      | Reached ** piety under Zin
  4686 | D:6      | Reached skill level 5 in Maces & Flails
  5101 | D:6      | Found a broken altar of Ashenzari.
  5124 | D:6      | Found an opulent altar of Gozag.
  5295 | D:6      | Found a basalt altar of Yredelemnul.
  5297 | D:6      | Noticed a profane servitor
  5303 | D:6      | Found a glowing golden altar of the Shining One.
  5305 | D:6      | Noticed an angel
  5310 | D:6      | Fell from the grace of Zin
  5310 | D:6      | Became a worshipper of the Shining One
  5434 | D:7      | Reached * piety under the Shining One
  5580 | D:7      | Reached XP level 9. HP: 78/78 MP: 11/11
  5721 | D:7      | Reached skill level 5 in Dodging
  5940 | D:7      | Found a hide-covered altar of Uskayaw.
  5940 | D:7      | Found an ornate altar of the Wu Jian Council.
  6226 | D:8      | Found a shimmering blue altar of Sif Muna.
  6234 | D:8      | Noticed Amaemon
  6234 | D:8      | Noticed an orange demon
  6234 | D:8      | Reached ** piety under the Shining One
  6438 | D:7      | Killed Amaemon
  6439 | D:7      | Reached skill level 5 in Invocations
  6464 | D:8      | Noticed a troll
  6478 | D:7      | Killed an orange demon
  6479 | D:7      | Reached XP level 10. HP: 71/86 MP: 12/12
  6574 | D:8      | Noticed Pikel
  6621 | D:8      | Killed Pikel
  6622 | D:8      | Reached skill level 5 in Evocations
  6662 | D:8      | Identified the +9 rapier "Embalmer" {vorpal, Fly Will-
                  | Dex+2}
  6927 | D:8      | Found a sparkling altar of Nemelex Xobeh.
  7101 | D:9      | Found a radiant altar of Vehumet.
  7127 | D:9      | Found a staircase to the Lair.
  7233 | D:9      | Identified the amulet of Patience {rElec rPois rC++ Will+
                  | Regen+}
  7326 | D:9      | Reached *** piety under the Shining One
  7391 | D:9      | Reached XP level 11. HP: 84/95 MP: 14/14
  7752 | D:9      | Reached **** piety under the Shining One
  7887 | D:10     | Entered Level 10 of the Dungeon
  7971 | D:10     | Found a staircase to the Orcish Mines.
  8031 | D:10     | Noticed a two-headed ogre
  8045 | D:10     | Killed a two-headed ogre
  8128 | D:10     | Noticed a sixfirhy
  8130 | D:10     | Noticed a sixfirhy
  8237 | D:10     | Noticed a deep elf pyromancer
  8534 | D:10     | Killed a deep elf pyromancer
  8654 | D:10     | Noticed a two-headed ogre
  8683 | D:10     | Killed a two-headed ogre
  8740 | D:10     | Noticed Snorg
  8795 | D:10     | Killed Snorg
  8920 | Orc:1    | Entered Level 1 of the Orcish Mines
  9301 | Orc:1    | Noticed an orc high priest
  9465 | Orc:1    | Killed an orc high priest
  9465 | Orc:1    | Reached ***** piety under the Shining One
  9607 | Orc:1    | Noticed an orc sorcerer
  9620 | Orc:1    | Killed an orc sorcerer
  9641 | Orc:1    | Reached XP level 12. HP: 106/106 MP: 16/16
  9737 | Orc:2    | Entered Level 2 of the Orcish Mines
  9737 | Orc:2    | Noticed an orc high priest
  9737 | Orc:2    | Noticed an orc warlord
  9737 | Orc:2    | Noticed an orc high priest
  9737 | Orc:2    | Found Haares's Jewellery Emporium.
  9851 | Orc:2    | Noticed an orc high priest
  9920 | Orc:1    | Killed an orc high priest
  9922 | Orc:1    | Killed an orc high priest
  9923 | Orc:1    | Reached skill level 10 in Shields
 10003 | Orc:1    | Killed an orc high priest
 10004 | Orc:1    | Reached skill level 10 in Fighting
 10214 | Orc:1    | Killed an orc warlord
 10215 | Orc:1    | Reached skill level 10 in Armour
 10345 | Orc:2    | Found a dark tunnel.
 10360 | Orc:2    | Found Kiennyng's Antique Weapon Boutique.
 10385 | Orc:2    | Found a staircase to the Elven Halls.
 10494 | Orc:2    | Noticed a boulder beetle
 10648 | Orc:2    | Noticed an orc high priest
 10677 | Orc:1    | Reached skill level 10 in Maces & Flails
 10753 | Orc:1    | Killed an orc high priest
 11272 | D:11     | Identified the +0 robe of Hefuej {*Slow rN+++ Dex+5}
 11522 | D:12     | Noticed a two-headed ogre
 11540 | D:12     | Killed a two-headed ogre
 11759 | D:12     | Noticed Urug
 11780 | D:12     | Killed Urug
 12161 | D:12     | Noticed Fannar
 12185 | D:12     | Killed Fannar
 12186 | D:12     | Reached XP level 13. HP: 111/115 MP: 18/18
 13134 | D:13     | Identified the +0 whip "Xyghiogu" {flame, Int+2}
 13474 | D:13     | Reached skill level 10 in Dodging
 13719 | D:13     | Found a gate to the Vaults.
 13889 | D:14     | Found a stormy altar of Qazlal.
 13904 | D:14     | Reached ****** piety under the Shining One
 14021 | D:13     | Identified a +0 sacred scourge of holy wrath (a -2 demon
                  | whip of venom blessed by the Shining One)
 14021 | D:13     | Received a gift from the Shining One
 14186 | D:14     | Found a shadowy altar of Dithmenos.
 14278 | D:14     | Reached XP level 14. HP: 125/125 MP: 20/20
 14753 | D:15     | Entered Level 15 of the Dungeon
 14936 | Orc:2    | Found Erukaq's General Store.
 15081 | Orc:2    | Bought a potion of resistance for 160 gold pieces
 15081 | Orc:2    | Bought a +2 chain mail of cold resistance for 344 gold
                  | pieces
 15112 | Orc:2    | Found Gyizebi's Antique Armour Emporium.
 15147 | Orc:2    | Bought a pair of runed gloves for 180 gold pieces
 15147 | Orc:2    | Bought a pair of glowing gloves for 180 gold pieces
 15313 | Orc:2    | Noticed Maurice
 15327 | Orc:2    | Killed Maurice
 15519 | Lair:1   | Entered Level 1 of the Lair of Beasts
 15603 | Lair:1   | Noticed Grum
 15624 | Lair:1   | Killed Grum
 15862 | Lair:1   | Reached skill level 10 in Invocations
 16330 | Lair:2   | Noticed Nergalle
 16345 | Lair:2   | Killed Nergalle
 16406 | Lair:2   | Identified the +2 ring mail of Makhleb's Displeasure {rF+
                  | Will- Dex+2}
 16763 | Lair:2   | Found a transporter.
 16799 | Lair:2   | Found a transporter.
 16805 | Lair:2   | Noticed Cam Moxe's ghost (journeyman OgHu)
 16893 | Lair:2   | Killed Cam Moxe's ghost
 17010 | Lair:2   | Identified the ring "Icest" {rElec rPois rC+ Str-3 Int+6}
 17315 | Lair:3   | Reached XP level 15. HP: 112/134 MP: 21/21
 17550 | Lair:3   | Noticed Gastronok
 17583 | Lair:3   | Killed Gastronok
 17895 | Lair:3   | Found a staircase to the Snake Pit.
 18117 | Lair:3   | Found the +12 pair of quick blades "Gyre" and "Gimble"
                  | {protect}
 18360 | Lair:3   | Found a staircase to the Shoals.
 18796 | Lair:4   | Noticed Rupert
 18804 | Lair:4   | Killed Rupert
 18805 | Lair:4   | Reached skill level 10 in Evocations
 18888 | Lair:4   | Noticed Josephine
 18902 | Lair:4   | Killed Josephine
 18903 | Lair:4   | Reached skill level 1 in Translocations
 18934 | Lair:4   | Found a viscous altar of Jiyva.
 18934 | Lair:4   | Found a staircase to the Slime Pits.
 19286 | Lair:5   | Entered Level 5 of the Lair of Beasts
 19445 | Lair:5   | Identified the +1 ring mail of Refuge {+Inv rF+ rC+}
 20185 | Lair:5   | Reached XP level 16. HP: 145/145 MP: 23/23
 20247 | Lair:5   | Identified the ring of Ecaegiug {MP+9 Int+3}
 20313 | Lair:5   | Found a corrupted altar of Lugonu.
 20313 | Lair:5   | Found a one-way gate to the infinite horrors of the Abyss.
 21355 | D:15     | Found a broken altar of Ashenzari.
 21870 | D:15     | Found a staircase to the Depths.
 21917 | Depths:1 | Entered Level 1 of the Depths
 22666 | Depths:1 | Found a gateway to Hell.
 22997 | Depths:1 | Found a one-way gateway to a ziggurat.
 23072 | Depths:1 | Reached XP level 17. HP: 114/154 MP: 17/24
 23487 | Depths:1 | Found a one-way gate leading to the halls of Pandemonium.
 23776 | Depths:1 | Reached skill level 15 in Fighting
 23799 | Depths:1 | Got the Octavo of the Tempest
 23930 | Depths:2 | Noticed a tentacled monstrosity
 23936 | Depths:2 | Killed a tentacled monstrosity
 24064 | Depths:2 | Reached skill level 15 in Shields
 24201 | Depths:2 | Reached skill level 15 in Armour
 24589 | Depths:2 | Found a radiant altar of Vehumet.
 24652 | Depths:2 | Reached skill level 15 in Maces & Flails
 25332 | Depths:3 | Found the +5 lochaber axe {reach-cleave, poleaxe}
 25830 | Depths:3 | Reached skill level 5 in Translocations
 26089 | Depths:3 | Noticed a walking crystal tome
 26097 | Depths:3 | Killed a walking crystal tome
 26147 | Depths:3 | Reached XP level 18. HP: 163/163 MP: 26/26
 26223 | Depths:3 | Identified the amulet of Syuxud {Faith Contam rC++ Dex+2
                  | Stlth+}
 26378 | Depths:4 | Entered Level 4 of the Depths
 26862 | Depths:4 | Noticed a lich
 26877 | Depths:4 | Killed a lich
 27136 | Depths:4 | Found a gate to the Realm of Zot.
 27136 | Depths:4 | Noticed a bone dragon
 27136 | Depths:4 | Noticed a golden dragon
 27141 | Depths:4 | Noticed Parghit
 27143 | Depths:4 | Killed a golden dragon
 27147 | Depths:4 | Killed a bone dragon
 27281 | Depths:4 | Killed Parghit
 27397 | Depths:4 | Noticed a lich
 27402 | Depths:4 | Killed a lich
 27783 | Depths:4 | Noticed a tentacled monstrosity
 27803 | Depths:4 | Killed a tentacled monstrosity
 28544 | D:1      | Bought a potion of haste for 260 gold pieces
 28544 | D:1      | Bought a scroll labelled MURIONT ZEOPU for 26 gold pieces
 28922 | Snake:1  | Entered Level 1 of the Snake Pit
 29051 | Snake:1  | Noticed Jorgrun
 29132 | Snake:1  | Killed Jorgrun
 29255 | Snake:1  | Reached XP level 19. HP: 173/173 MP: 28/28
 29445 | Snake:1  | Noticed Louise
 29458 | Snake:1  | Killed Louise
 29888 | Snake:1  | Found a runed translucent gate.
 29889 | Snake:1  | Found a runed translucent gate.
 29889 | Snake:1  | Found a runed translucent gate.
 29933 | Snake:1  | Found Ruleodub's Magic Scroll Boutique.
 29937 | Snake:1  | Bought a scroll of enchant armour for 112 gold pieces
 29937 | Snake:1  | Bought a scroll of summoning for 142 gold pieces
 30041 | Snake:1  | Noticed Ajdolov's ghost (adept VSFi)
 30548 | Snake:2  | Noticed Aizul
 30577 | Snake:2  | Killed Aizul
 30951 | Snake:2  | Found Lauj's Luxury Loot.
 31348 | Snake:3  | Noticed Bai Suzhen
 31350 | Snake:3  | Identified the +0 tower shield of Patterns {rF+}
 31365 | Snake:3  | Killed Bai Suzhen
 31553 | Snake:3  | Reached skill level 15 in Dodging
 32159 | Snake:4  | Entered Level 4 of the Snake Pit
 32888 | Snake:4  | Found Cibuasoh's Weapon Boutique.
 32925 | Snake:4  | Reached XP level 20. HP: 149/184 MP: 14/29
 33056 | Snake:4  | Got a serpentine rune of Zot
 33581 | Vaults:1 | Entered Level 1 of the Vaults
 33959 | Vaults:1 | Found Geare's Book Shop.
 36261 | Vaults:3 | Noticed Asterion
 36270 | Vaults:3 | Killed Asterion
 36271 | Vaults:3 | Reached XP level 21. HP: 182/194 MP: 23/31
 36479 | Vaults:3 | Found a flickering gateway to a bazaar.
 36491 | Bazaar   | Entered a bazaar
 36491 | Bazaar   | Found Jibrur's General Store.
 36495 | Bazaar   | Found Daari's Jewellery Shoppe.
 36529 | Bazaar   | Found Otuofoh's Magic Scroll Shoppe.
 36536 | Bazaar   | Bought a scroll of teleportation for 21 gold pieces
 36536 | Bazaar   | Bought a scroll of teleportation for 21 gold pieces
 36537 | Bazaar   | Found Hagratuw's Antique Weapon Shop.
 36900 | Vaults:3 | You fall into a shaft and drop 1 floor!
 36968 | Vaults:4 | Reached skill level 15 in Invocations
 38075 | Vaults:4 | Found Vanoskysh's Weapon Boutique.
 38808 | Vaults:3 | Found a staircase to the Crypt.
 39543 | Crypt:1  | Entered Level 1 of the Crypt
 40131 | Crypt:2  | Noticed Mennas
 40263 | Crypt:1  | Killed Mennas
 40918 | Crypt:2  | Identified the +7 sling of Axticauloa {venom, rC++}
 41041 | Crypt:3  | Entered Level 3 of the Crypt
 41279 | Crypt:3  | Reached XP level 22. HP: 204/204 MP: 32/32
 41920 | Crypt:3  | Found a basalt altar of Yredelemnul.
 41923 | Crypt:3  | Found an ancient bone altar of Kikubaaqudgha.
 41924 | Crypt:3  | Noticed a royal mummy
 41930 | Crypt:3  | Killed a royal mummy
 42198 | Crypt:3  | Found a staircase to the Tomb.
 42474 | Tomb:1   | Entered Level 1 of the Tomb of the Ancients
 43072 | Tomb:1   | Noticed a royal mummy
 43072 | Tomb:1   | Noticed a royal mummy
 43139 | Tomb:1   | Killed a royal mummy
 43144 | Tomb:1   | Killed a royal mummy
 43428 | Tomb:1   | Identified the +3 morningstar of Wealth {drain, rF++ Int+3
                  | Stlth+}
 43587 | Tomb:2   | Noticed a royal mummy
 43591 | Tomb:2   | Identified the +0 tower shield of Caomos {rPois Dex+2}
 43594 | Tomb:2   | Noticed a royal mummy
 43596 | Tomb:2   | Reached skill level 15 in Evocations
 43599 | Tomb:2   | Noticed a royal mummy
 43599 | Tomb:2   | Noticed a royal mummy
 43602 | Tomb:2   | Killed a royal mummy
 43610 | Tomb:2   | Killed a royal mummy
 43614 | Tomb:2   | Killed a royal mummy
 43614 | Tomb:2   | Killed a royal mummy
 43703 | Tomb:2   | Reached XP level 23. HP: 171/215 MP: 34/34
 44089 | Tomb:1   | Noticed a royal mummy
 44096 | Tomb:1   | Killed a royal mummy
 44099 | Tomb:1   | Noticed a royal mummy
 44104 | Tomb:1   | Killed a royal mummy
 44152 | Tomb:1   | Noticed a royal mummy
 44158 | Tomb:1   | Noticed a royal mummy
 44163 | Tomb:1   | Killed a royal mummy
 44282 | Tomb:1   | Killed a royal mummy
 44282 | Tomb:1   | Lost intelligence.
 44673 | Tomb:1   | Noticed a royal mummy
 44680 | Tomb:1   | Killed a royal mummy
 44743 | Tomb:1   | Noticed a royal mummy
 44755 | Tomb:1   | Killed a royal mummy
 44882 | Tomb:1   | Noticed a royal mummy
 44885 | Tomb:1   | Noticed a royal mummy
 44895 | Tomb:1   | Killed a royal mummy
 44909 | Tomb:1   | Killed a royal mummy
 44982 | Tomb:1   | Noticed a royal mummy
 44991 | Tomb:1   | Killed a royal mummy
 45018 | Tomb:1   | Noticed a royal mummy
 45021 | Tomb:1   | Noticed a royal mummy
 45026 | Tomb:1   | Noticed a royal mummy
 45588 | Hell     | Entered the Vestibule of Hell
 45588 | Hell     | Noticed Geryon
 45599 | Hell     | Killed Geryon
 45683 | Hell     | Found a gateway to the decaying netherworld of Tartarus.
 45752 | Hell     | Found a gateway to the ashen valley of Gehenna.
 45893 | Hell     | Found a gateway to the Iron City of Dis.
 46004 | Hell     | Found a gateway to the freezing wastes of Cocytus.
 46054 | Coc:1    | Entered Level 1 of Cocytus
 46238 | Coc:3    | Noticed a shard shrike
 46239 | Coc:3    | Noticed a shard shrike
 46239 | Coc:3    | Noticed a shard shrike
 46239 | Coc:3    | Noticed a shard shrike
 46255 | Hell     | Killed a shard shrike
 46255 | Hell     | Killed a shard shrike
 46710 | Hell     | Killed a shard shrike
 46873 | Coc:3    | Killed a shard shrike
 46874 | Coc:3    | Reached XP level 24. HP: 139/203 MP: 29/34
 47151 | Coc:4    | Paralysed by a wendigo for 1 turns
 47178 | Coc:4    | HP: 1/208 [Ice Fiend (12)]
 47178 | Coc:4    | Slain by an Ice Fiend

Illustrated notes

Levels and vault maps discovered:
D:1:      pf_arrival_petrified_forest, layout_basic, serial_shops,
          nicolae_shop_overgrown_old_shop
D:2:      layout_rooms, uniq_terence
D:3:      layout_basic, mainiacjoe_overflow_surrounded_room,
          dreamdust_ecumenical_altar_angels_and_demons,
          wad_floor_pattern_untrapped, uniq_natasha
D:4:      layout_basic
D:5:      layout_basic, minmay_temple_entry_stoned_glass
D:6:      layout_gridville, grunt_temple_overflow_holy_war,
          mainiacjoe_overflow_swirl, minmay_a_box_with_orc_wizards_in_it
D:7:      layout_rooms, gammafunk_temple_overflow_pools
D:8:      layout_rooms, nemelex_diamond_rough_becter, led_sif_pool, special_room
          [special_room_kobold], uniq_pikel, uniq_amaemon
D:9:      layout_roguey [special_room_orc], marbit_many_paths,
          david_lair_shrubbed
D:10:     layout_big_octagon, serial_column_ruins, column_ruins_corridor_T,
          column_ruins_grid_2, column_ruins_columns_straight,
          column_ruins_grid_2, column_ruins_grid_1, uniq_snorg
D:11:     layout_long_grid, serial_glass, glass_columns_c, glass_columns_b
D:12:     layout_gridville, uniq_urug, uniq_fannar
D:13:     layout_rooms, lightli_vaults_fourway_checkpoint
D:14:     layout_rooms, serial_undead, serial_undead_b, serial_undead_a,
          serial_undead_b, serial_undead_a, serial_undead_f, serial_undead_c,
          serial_undead_c, serial_undead_b, nicolae_dithmenos_the_darkroom,
          nicolae_qazlal_scattered_showers
D:15:     gammafunk_enter_depths_forms, layout_basic,
          ashenzari_conservatory_becter, kennysheep_doodads,
          nrook_mini_backslash, ldierk_geyser, minivault_7
Temple:   nicolae_temple_godzebo
Lair:1:   layout_cave_shapes, st_stairs_4, hangedman_lair_generics_rect,
          uniq_grum
Lair:2:   layout_layer_cave, gammafunk_ghost_berserking_beasts,
          grunt_megastairs_4, uniq_nergalle
Lair:3:   onia_ninara_swampy_vault, layout_big_grid, minmay_shoals_entry_hut,
          guppyfry_snake_entry_garden, lemuel_old_faithful, uniq_gastronok
Lair:4:   layout_regular_city, minmay_slime_entry_pillars, wad_woods_road_01,
          hangedman_lair_unloving_vines, minmay_lair_drake_nest, uniq_josephine,
          uniq_rupert
Lair:5:   hellmonk_lair_end_abyssal_woods, layout_regular_city
Snake:1:  layout_layer_cave, ebering_ghost_rock_garden, serial_shops, shop,
          uniq_louise, uniq_jorgrun
Snake:2:  layout_chambers, grunt_ministairs_7, nicolae_alphabet_shops,
          uniq_aizul
Snake:3:  layout_layer_cave, serial_bayou_shore_b, serial_bayou_shore_b,
          uniq_bai_suzhen
Snake:4:  grunt_snake_rune_pools, layout_cave_town, serial_shops, shop
Orc:1:    layout_caves
Orc:2:    grunt_orc_gardens, layout_caves, grunt_orc_garden, grunt_orc_garden,
          grunt_orc_garden, grunt_orc_garden, nicolae_volcano_entry_two_sided,
          rock_pile, uniq_maurice
Vaults:1: nicolae_vaults_network_quinsquares
          [nicolae_vaults_network_quincunx_subvault,
          nicolae_vaults_network_quincunx_subvault,
          nicolae_vaults_network_quincunx_subvault,
          nicolae_vaults_network_quincunx_subvault], grunt_vaults_twisty,
          nicolae_vaults_diagonal_hallway_7, v_misc_2, v_misc_33,
          nicolae_vaults_mini_display_case, hangedman_vaults_snaps,
          vaults_room_fancy_cross, nicolae_vaults_angled_halls,
          ontoclasm_vaults_ring_large, v_misc_16, layout_vaults_maze,
          serial_shops, shop
Vaults:2: nicolae_vaults_circle_grid_a, v_misc_10, ontoclasm_vaults_chip,
          nicolae_vaults_big_ls, v_misc_24, ontoclasm_vaults_shuriken,
          grunt_vaults_swirl, nicolae_vaults_shelves_hall,
          nicolae_vaults_network_s, nicolae_vaults_little_squares_3,
          layout_vaults_big_room
Vaults:3: v_misc_25, minmay_crypt_entry_simple_round, ontoclasm_vaults_chip,
          v_rooms_3, nicolae_vaults_diagonal_hallway_7,
          nicolae_vaults_rhombus_7, v_pattern_4, nicolae_vaults_asterisk,
          vaults_room_hallway, v_misc_29, nicolae_vaults_stairing_the_circle,
          nicolae_vaults_theta, grunt_vaults_hallway_short,
          vaults_dpeg_encased_lava, layout_vaults_omnicross, serial_shops,
          bzr_entry_customers, uniq_asterion
Vaults:4: v_alt_pattern_1, v_alt_pattern_3, v_misc_27,
          nicolae_vaults_sealed_display, nicolae_vaults_little_squares_6,
          ontoclasm_vaults_loading_screen, layout_vaults_omnigrid, serial_shops,
          nicolae_shop_bloodbath_and_beyond
Crypt:1:  layout_rooms, serial_sigils, serial_sigils_hangedman_leer,
          serial_sigils_hangedman_carve, serial_sigils_hangedman_gnaw,
          serial_sigils_hangedman_quiver, serial_sigils_hangedman_etch
Crypt:2:  layout_chaotic_city, minivault_14, grunt_ministairs_9, uniq_mennas
Crypt:3:  lightli_unholy_cathedral, layout_chaotic_city,
          tomb_entry_sphere_bobbens
Tomb:1
Tomb:2
Depths:1: layout_cave_pools, enter_ziggurat_c, rand_demon_pan_entry_8,
          minmay_misc_feat_hallway, hell_entry, hellmonk_bongcloud_opening,
          minmay_hollow_rounded_squares
Depths:2: lemuel_firewalk_3, layout_honeycomb, nicolae_vehumet_radiance,
          pan_entry, grunt_metal_band, minmay_staircase_windowed_small
Depths:3: lemuel_traditional_vault, layout_basic, abyss_entry,
          rand_demon_pan_entry_3, hell_entry
Depths:4: grunt_zot_entry_funnels, layout_honeycomb, pf_coc_iceberg,
          grunt_pan_entry_in_and_out, hangedman_decor_riveting,
          grunt_ministairs_3, uniq_parghit
Hell
Coc:1:    layout_ice_bergs
Coc:2:    layout_cocytus_water_paths
Coc:3:    layout_cocytus_water_paths
Coc:4:    layout_ice_bergs, serial_ice, serial_ice_d, serial_ice_f, serial_ice_a

Skill      XL: |  1  2  3  4  5  6  7  8  9 10 11 12 13 14 15 16 17 18 19 20 21 22 23 24 |
---------------+-------------------------------------------------------------------------+-----
Maces & Flails | 3 4 5 6 8 9 10 11 12 13 14 15 16 17 18 19 20 | 20.4
Shields        | 4 5 6 7 8 9 10 11 12 13 14 15 16 17 18 19 20 | 20.5
Dodging        | 1 2 3 4 5 6 8 9 10 11 12 13 14 15 16 17 18 | 18.6
Fighting       | 4 5 6 7 8 9 10 11 12 13 14 15 16 17 18 19 20 | 20.7
Evocations     | 1 2 3 4 5 6 7 8 9 10 11 12 13 14 15 16 | 16.0
Invocations    | 1 2 3 4 5 6 7 8 9 10 11 12 13 14 15 16 17 | 17.2
Armour         | 4 5 6 7 8 9 10 11 12 13 14 15 16 17 18 19 20 | 20.4
Translocations | 2 3 5 |  5.6

Action                   |  1- 3 |  4- 6 |  7- 9 | 10-12 | 13-15 | 16-18 | 19-21 | 22-24 || total
-------------------------+-------+-------+-------+-------+-------+-------+-------+-------++-------
Melee: Whip              |   102 |   136 |   415 |  1100 |   362 |       |       |       ||  2115
       Flail             |     3 |       |       |       |       |       |       |       ||     3
       Headbutt          |     9 |    30 |   104 |   326 |   466 |   485 |   685 |   246 ||  2351
       Mace              |       |       |    19 |       |       |       |       |       ||    19
       Sacred scourge    |       |       |       |       |   959 |  1340 |  1972 |   693 ||  4964
Invok: Cleansing Flame   |       |       |       |     3 |       |     5 |     1 |    41 ||    50
       Brand Weapon With |       |       |       |       |     1 |       |       |       ||     1
       Summon Divine War |       |       |       |       |     7 |    17 |    10 |    22 ||    56
Evoke: Wand              |       |       |       |     5 |    11 |       |     3 |    10 ||    29
       Phantom mirror    |       |       |       |       |     1 |       |       |       ||     1
  Use: Scroll            |       |       |     9 |     5 |    26 |    10 |     4 |     4 ||    58
       Potion            |       |       |     5 |     2 |     2 |     1 |     2 |    13 ||    25
Armor: Scale mail        |    40 |    76 |   205 |   201 |       |       |       |       ||   522
       Chain mail        |       |       |       |   109 |   463 |   354 |       |       ||   926
       Gold dragon scale |       |       |       |       |       |    81 |   723 |   436 ||  1240
Dodge: Dodged            |    34 |    57 |   173 |   401 |   339 |   360 |   423 |   240 ||  2027
Block: Buckler           |    20 |    23 |    66 |   226 |    60 |       |       |       ||   395
       Tower shield      |       |       |       |       |   216 |       |       |       ||   216
       Kite shield       |       |       |       |       |   460 |   739 |  1269 |   683 ||  3151

Table legend: (Time is in decaauts)
 A = Elapsed time spent in this place.
 B = Non-inter-level travel time spent in this place.
 C = Inter-level travel time spent in this place.
 D = Time resting spent in this place.
 E = Time spent auto-exploring this place.
 F = Levels seen in this place.
 G = Mean time per level.
                   A        B        C        D        E       F      G
               +--------+--------+--------+--------+--------+-----+--------+
         Total |  45095 |  39288 |   5807 |   6438 |     70 |  46 |  980.3 |
       Dungeon |  15885 |  13692 |   2193 |   2921 |     70 |  15 | 1059.0 |
        Temple |    141 |    141 |      0 |      0 |      0 |   1 |  141.0 |
          Lair |   5115 |   4443 |    672 |     73 |      0 |   5 | 1023.0 |
     Snake Pit |   4119 |   3756 |    363 |    234 |      0 |   4 | 1029.8 |
  Orcish Mines |   2062 |   1928 |    134 |    312 |      0 |   2 | 1031.0 |
        Vaults |   5259 |   4088 |   1171 |    351 |      0 |   4 | 1314.8 |
         Crypt |   2817 |   2352 |    465 |    207 |      0 |   3 |  939.0 |
          Tomb |   2969 |   2752 |    217 |   1140 |      0 |   2 | 1484.5 |
        Depths |   5124 |   4646 |    478 |    735 |      0 |   4 | 1281.0 |
          Hell |    818 |    801 |     17 |    385 |      0 |   1 |  818.0 |
       Cocytus |    691 |    597 |     94 |     79 |      0 |   4 |  172.8 |
        Bazaar |     90 |     90 |      0 |      0 |      0 |   1 |   90.0 |
               +--------+--------+--------+--------+--------+-----+--------+

Top non-repeatable levels by time:
  Tomb:1: 2349 daAuts
    D:15: 1982 daAuts
    D:12: 1496 daAuts
  Lair:2: 1448 daAuts
Depths:2: 1424 daAuts
Depths:4: 1413 daAuts
 Crypt:3: 1389 daAuts
Vaults:2: 1387 daAuts
Vaults:4: 1355 daAuts
     D:9: 1349 daAuts
  Lair:3: 1279 daAuts
Vaults:3: 1277 daAuts
Vaults:1: 1239 daAuts
Depths:3: 1188 daAuts
 Snake:1: 1180 daAuts
